 Dungeon Crawl Stone Soup version 0.30-a0-629-gd54f4be4f7 (webtiles) character file.

Game seed: 18367188569853757961

52 wormed the Grasshopper (level 3, -4/24 HPs)
             Began as an Octopode Warper on Jan 13, 2023.
             Killed from afar by Natasha (7 damage)
             ... with a magic dart
             ... on level 2 of the Dungeon.
             The game lasted 00:02:14 (723 turns).

wormed the Grasshopper (Octopode Warper)             Turns: 723, Time: 00:02:14

Health: -4/24      AC:  1    Str: 10    XL:     3   Next: 85%
Magic:  7/7        EV: 13    Int: 17    God:
Gold:   38         SH:  0    Dex: 11    Spells: 8/8 levels left

rFire   . . .      SeeInvis .      - Unarmed
rCold   . . .      Faith    .    (no shield)
rNeg    . . .      Spirit   .    (helmet restricted)
rPois   .          Reflect  .    (no amulet)
rElec   .          Harm     .    (no ring)
rCorr   .          Rampage  .    (no ring)
Will    .....                    (no ring)
Stlth   ++                       (no ring)
HPRegen 0.24/turn                (no ring)
MPRegen 0.10/turn                (no ring)
                                 (no ring)
                                 (no ring)

@: slowed, very slow
A: almost no armour, amphibious, 8 rings, camouflage 1, gelatinous body 1,
(nimble swimmer 1), tentacles
a: no special abilities


You were on level 2 of the Dungeon.
You visited 1 branch of the dungeon, and saw 2 of its levels.

You collected 38 gold pieces.

Inventory:

Missiles
 b - a boomerang of dispersal (quivered)
Scrolls
 a - a scroll of blinking
Potions
 d - a potion of brilliance
 e - a potion of resistance {unknown}


   Skills:
 - Level 2.0 Fighting
 - Level 1.0 Throwing
 - Level 2.3 Dodging
 - Level 2.0 Unarmed Combat
 + Level 3.0 Spellcasting
 + Level 3.9 Translocations


You had 8 spell levels left.
You didn't know any spells.
Your spell library contained the following spells:

 Spells                   Type           Power      Damage    Failure   Level
 Blink                    Tloc           30%        N/A       5%          2
 Lesser Beckoning         Tloc           30%        N/A       11%         3
 Teleport Other           Tloc           15%        N/A       11%         3
 Vhi's Electric Charge    Tloc/Air       18%        N/A       24%         3
 Static Discharge         Conj/Air       4%         2-3/arc   26%         2
 Manifold Assault         Tloc           15%        N/A       34%         4
 Arcjolt                  Conj/Air       1%         1d11      99%         5
 Lightning Bolt           Conj/Air       1%         1d12      99%         5


Dungeon Overview and Level Annotations

Branches:
Dungeon (2/15)

Altars:

Shops:
D:1 :

Annotations:
D:2 Natasha


Innate Abilities, Weirdness & Mutations

You cannot wear most types of armour.
You are amphibious.
You can wear up to eight rings at the same time.
Your skin changes colour to match your surroundings (Stealth+).
Your rubbery body absorbs attacks. (AC +1, EV +1)
((You are camouflaged when in or above water. (Stealth+)))
You have tentacles for arms and can constrict up to eight enemies at once.


Message History

Throw: 2 boomerangs (disperse)
Press: ? - help, Q - select action Shift-Dir - straight line, f/p - Natasha
Aim: Natasha (lightly wounded, 47% to hit)
You throw a boomerang of dispersal. The kobold shouts!
The boomerang of dispersal hits Natasha.
Natasha blinks!
The kobold shoots a sling bullet.
The sling bullet hits you.
The kobold shoots a sling bullet.
The sling bullet hits you. The white imp gestures at you.
The puff of frost hits you!
Ouch! That really hurt!
* * * LOW HITPOINT WARNING * * *
You barely miss the white imp. You grab the white imp.
You squeeze the white imp, but do no damage.
You constrict the white imp, but do no damage.
The white imp barely misses you.
The kobold drinks a potion.
The kobold seems to grow stronger.
The white imp hits you.
* * * LOW HITPOINT WARNING * * *
The white imp freezes you.
* * * LOW HITPOINT WARNING * * *
You tentacle-slap the white imp.
The white imp is moderately wounded.
You constrict the white imp, but do no damage.
The white imp closely misses you.
Natasha wildly gestures.
Natasha shimmers violently.
The kobold unwields a +0 sling.
The kobold wields a +0 dagger.
The kobold hits you with a +0 dagger.
* * * LOW HITPOINT WARNING * * *
You tentacle-slap the white imp. You squeeze the white imp.
You kill the white imp!
The white imp disappears in a puff of smoke!
The kobold closely misses you.
You tentacle-slap Natasha. You grab Natasha.
Natasha is heavily wounded.
You constrict Natasha. Natasha casts a spell at you. The magic dart hits you!
You die...

#..##
#..# ##.#
#..# #.#
#..# #.#
#..# #..
#..# #..
##).# ##
#...
#..!# ..
#.#.#.#
#..#@..#
#..#Kh..#
#.#.....#
#.#.....#
. #.....#
#.....#
#?.$..#
##....#


You could see Natasha and a kobold (strong).

Vanquished Creatures
  Natasha (D:2)
  2 dart slugs (D:1)
  4 ball pythons (D:1)
  A bat (D:1)
  An endoplasm (D:1)
  A giant cockroach (D:1)
  3 hobgoblins (D:1)
  A quokka (D:1)
  3 goblins
  A kobold (D:1)
  5 rats (D:1)
23 creatures vanquished.

Notes
Turn   | Place    | Note
-------+----------+-------------------------------------------
     0 | D:1      | wormed the Octopode Warper began the quest for the Orb.
     0 | D:1      | Reached XP level 1. HP: 14/14 MP: 3/3
    24 | D:1      | Found Wanona's Book Emporium.
    53 | D:1      | Reached XP level 2. HP: 15/19 MP: 5/5
   131 | D:1      | Found a faded altar of an unknown god.
   576 | D:1      | Reached XP level 3. HP: 24/24 MP: 6/6
   621 | D:2      | Noticed Natasha
   635 | D:2      | Killed Natasha
   710 | D:2      | Noticed Natasha
   723 | D:2      | Killed from afar by Natasha

Illustrated notes

Levels and vault maps discovered:
D:1:      amcnicky_arrival_gap_in_the_tavern_cellar, layout_rooms,
          hellmonk_ecumenical_altar_inner_sanctum, serial_shops,
          nicolae_shop_advertising_works [nicolae_subvault_shop_adworks]
D:2:      layout_rooms, serial_corexii_hall, corexii_hall_statues_u,
          corexii_hall_statues_u, serial_shops,
          nicolae_shop_bloodbath_and_beyond, minmay_pentomino_pile,
          uniq_terence, uniq_natasha

Skill      XL: |  1  2  3 |
---------------+----------+-----
Spellcasting   | 3 |  3.0
Fighting       | |  2.0
Throwing       | |  1.0
Dodging        | |  2.3
Unarmed Combat | |  2.0
Translocations | |  3.9

Action                   || total
-------------------------++-------
Melee: Unarmed           ||    66
       Constrict         ||    18
       Tentacles         ||    15
Throw: Boomerang         ||     6
  Use: Scroll            ||     4
 Stab: Sleeping          ||     2
Armor: Skin              ||    12
Dodge: Dodged            ||    49

Table legend: (Time is in decaauts)
 A = Elapsed time spent in this place.
 B = Non-inter-level travel time spent in this place.
 C = Inter-level travel time spent in this place.
 D = Time resting spent in this place.
 E = Time spent auto-exploring this place.
 F = Levels seen in this place.
 G = Mean time per level.
                   A        B        C        D        E       F      G
               +--------+--------+--------+--------+--------+-----+--------+
         Total |    734 |    707 |     27 |      0 |    506 |   2 |  367.0 |
       Dungeon |    734 |    707 |     27 |      0 |    506 |   2 |  367.0 |
               +--------+--------+--------+--------+--------+-----+--------+

Top non-repeatable levels by time:
     D:1: 586 daAuts
     D:2: 147 daAuts
